 Dungeon Crawl Stone Soup version bcrawl-1.21.2-1-g32d02e0829 (webtiles) character file.

Game seed: 3122476091688465901

1294 Freyura the Shield-Bearer (level 8, -3/67 HPs)
             Began as a Gnoll Fighter on Feb 22, 2020.
             Was an Initiate of Ashenzari.
             Slain by a four-headed hydra (13 damage)
             ... on level 5 of the Dungeon.
             The game lasted 00:11:00 (4037 turns).

Freyura the Shield-Bearer (Gnoll Fighter)           Turns: 4037, Time: 00:11:00

Health: -3/67      AC: 11    Str: 19    XL:     8   Next: 56%
Magic:  12/12      EV: 10    Int: 10    God:    Ashenzari [......]
Gold:   245        SH: 11    Dex: 19    Spells: 13/13 levels left

rFire    . . .     SeeInvis .   q - +0 morningstar (curse)
rCold    + . .     Gourm    .   c - +0 shield (curse)
rNeg     . . .     Faith    .   b - +0 scale mail (curse)
rPois    .         Spirit   .   m - +1 hat (curse)
rElec    .         Reflect  .   d - +0 cloak (curse)
rCorr    .         Harm     .   f - +0 pair of gloves (curse)
MR       .....                  (no boots)
Stlth    +.........             (no amulet)
HPRegen  0.21/turn              i - +2 ring of dexterity (curse)
MPRegen  0.13/turn              g - ring of protection from cold

@: no status effects
A: distributed training, fangs 1, strong nose
a: Curse Item, Renounce Religion


You were on level 5 of the Dungeon.
You worshipped Ashenzari.
Ashenzari was noncommittal.
You were not hungry.

You visited 2 branches of the dungeon, and saw 6 of its levels.

You collected 344 gold pieces.
You spent 99 gold pieces at shops.

Inventory:

Hand Weapons
 a - a +1 flail
 q - a cursed +0 morningstar (weapon)
 x - the +6 flail "Wipuj" {crush, Str+2}
   (You found it on level 5 of the Dungeon)

   It inflicts extra damage upon your enemies.
   It affects your strength (+2).
Armour
 b - a cursed +0 scale mail (worn)
 c - a cursed +0 shield (worn)
 d - a cursed +0 cloak (worn)
 f - a cursed +0 pair of gloves (worn)
 m - a cursed +1 hat (worn)
Magical Staves
 s - an uncursed staff of poison
Jewellery
 g - a ring of protection from cold (right hand)
 i - a cursed +2 ring of dexterity (left hand)
Wands
 p - a wand of flame (14)
Scrolls
 h - 4 scrolls of teleportation
 j - a scroll of magic mapping
 l - a scroll of enchant weapon
 n - a scroll of fog {unknown}
 t - 4 scrolls of remove curse
 u - a scroll of amnesia {unknown}
Potions
 k - 3 potions of flight
 o - 4 potions of degeneration
 r - a potion of brilliance {unknown}
 w - a potion of haste {unknown}
 z - a potion of magic {unknown}
Comestibles
 e - 7 rations {!d}


   Skills:
 + Level 7.4 Fighting
 + Level 3.3 Short Blades
 + Level 3.3 Long Blades
 + Level 3.3 Axes
 + Level 5.7 Maces & Flails
 + Level 3.3 Polearms
 + Level 3.3 Staves
 + Level 3.3 Slings
 + Level 3.3 Bows
 + Level 3.3 Crossbows
 + Level 3.3 Throwing
 + Level 7.4 Armour
 + Level 3.3 Dodging
 + Level 3.3 Stealth
 + Level 7.4 Shields
 + Level 3.3 Unarmed Combat
 + Level 3.3 Spellcasting
 + Level 2.7 Conjurations
 + Level 2.7 Hexes
 + Level 2.7 Charms
 + Level 2.7 Summonings
 + Level 2.7 Necromancy
 + Level 2.7 Translocations
 + Level 2.7 Transmutations
 + Level 2.7 Fire Magic
 + Level 2.7 Ice Magic
 + Level 2.7 Air Magic
 + Level 2.7 Earth Magic
 + Level 2.7 Poison Magic
 + Level 3.6 Invocations
 + Level 3.3 Evocations


You had 13 spell levels left.
You didn't know any spells.
Your spell library was empty.

Dungeon Overview and Level Annotations

Branches:
Dungeon (5/12)             Temple (1/1) D:5

Altars:
Ashenzari
Dithmenos
Elyvilon
Hepliaklqana
Kikubaaqudgha
Lugonu
Makhleb
Nemelex Xobeh
Qazlal
Sif Muna
Trog
Uskayaw
Vehumet
Wu Jian
Xom
Zin

Shops:
D:4 :   D:5 ?


Innate Abilities, Weirdness & Mutations

Your experience applies equally to all skills.
You have very sharp teeth.
Your uncanny sense of smell can sniff out nearby items.


Message History

You are too injured to fight recklessly!
You are too injured to fight recklessly!
You are too injured to fight recklessly!
The four-headed hydra bites you.
The four-headed hydra bites you but does no damage. x2
The four-headed hydra bites you!
You impale the four-headed hydra!!
The four-headed hydra is heavily wounded.
You block the four-headed hydra's attack. x2
The four-headed hydra bites you!
* * * LOW HITPOINT WARNING * * *
The four-headed hydra bites you!
* * * LOW HITPOINT WARNING * * *
You thump the four-headed hydra! You bite the four-headed hydra.
The four-headed hydra is almost dead.
The four-headed hydra closely misses you.
The four-headed hydra bites you but does no damage.
You block the four-headed hydra's attack.
The four-headed hydra bites you!
You die...

..### ##....##..._.
.....####...##.##.#
.......
....!..####........
.......#
#.......#..$#.#.#..
........
...........#.#
........
..#......##.##
........
##.........##
....^...
#..##......#
........
#............@.#
.......<
#.........#..D##
........
#.....##.##$....
........
#.....#..###......
......#.
#.........#
#........ .....###
.........##
......#.# .#... #.
.......# ....### .
.... #. #....# ....
#.> #..


You could see a four-headed hydra.

Vanquished Creatures
  Sigmund (D:5)
  Duvessa (D:5)
  An ice beast (D:5)
  An ogre (D:4)
  A big kobold (D:4)
  Dowan (D:5)
  A scorpion (D:5)
  2 crimson imps
  A quasit (D:5)
  2 bullfrog skeletons (D:5)
  A hound (D:4)
  3 jellies
  Crazy Yiuf (D:3)
  2 orc wizards (D:4)
  An iguana (D:4)
  6 worker ants
  Terence (D:3)
  3 gnolls (D:4)
  2 adders
  3 adder skeletons
  2 worms (D:2)
  3 dart slugs
  A leopard gecko (D:1)
  7 orcs
  2 ball pythons
  3 giant cockroaches
  6 hobgoblins
  9 kobolds
  5 quokkas
  6 bats
  5 frilled lizards
  4 goblins
  A jackal skeleton (D:4)
  A rat (D:2)
90 creatures vanquished.

Notes
Turn   | Place    | Note
-------+----------+-------------------------------------------
     0 | D:1      | Freyura the Gnoll Fighter began the quest for the Orb.
     0 | D:1      | Reached XP level 1. HP: 23/23 MP: 1/1
    82 | D:1      | Reached XP level 2. HP: 29/29 MP: 2/2
   784 | D:2      | Reached XP level 3. HP: 30/35 MP: 3/3
   932 | D:2      | Reached skill level 1 in Short Blades
   932 | D:2      | Reached skill level 1 in Long Blades
   932 | D:2      | Reached skill level 1 in Axes
   932 | D:2      | Reached skill level 1 in Polearms
   932 | D:2      | Reached skill level 1 in Staves
   932 | D:2      | Reached skill level 1 in Slings
   932 | D:2      | Reached skill level 1 in Bows
   932 | D:2      | Reached skill level 1 in Crossbows
   932 | D:2      | Reached skill level 1 in Throwing
   932 | D:2      | Reached skill level 1 in Dodging
   932 | D:2      | Reached skill level 1 in Stealth
   932 | D:2      | Reached skill level 1 in Unarmed Combat
   932 | D:2      | Reached skill level 1 in Spellcasting
   932 | D:2      | Reached skill level 1 in Invocations
   932 | D:2      | Reached skill level 1 in Evocations
   932 | D:2      | Reached XP level 4. HP: 41/41 MP: 5/5
  1304 | D:2      | Found an ornate altar of the Wu Jian Council.
  1394 | D:3      | Reached skill level 1 in Conjurations
  1394 | D:3      | Reached skill level 1 in Hexes
  1394 | D:3      | Reached skill level 1 in Charms
  1394 | D:3      | Reached skill level 1 in Summonings
  1394 | D:3      | Reached skill level 1 in Necromancy
  1394 | D:3      | Reached skill level 1 in Translocations
  1394 | D:3      | Reached skill level 1 in Transmutations
  1394 | D:3      | Reached skill level 1 in Fire Magic
  1394 | D:3      | Reached skill level 1 in Ice Magic
  1394 | D:3      | Reached skill level 1 in Air Magic
  1394 | D:3      | Reached skill level 1 in Earth Magic
  1394 | D:3      | Reached skill level 1 in Poison Magic
  1409 | D:3      | Found a shattered altar of Ashenzari.
  1420 | D:3      | Became a worshipper of Ashenzari the Shackled
  1575 | D:3      | Found a runed door.
  1805 | D:3      | Reached XP level 5. HP: 47/47 MP: 6/6
  2276 | D:3      | Noticed Terence
  2284 | D:3      | Killed Terence
  2494 | D:3      | Noticed Crazy Yiuf
  2499 | D:3      | Killed Crazy Yiuf
  2582 | D:4      | Reached XP level 6. HP: 43/53 MP: 8/8
  2685 | D:4      | Reached skill level 5 in Maces & Flails
  2742 | D:4      | Reached XP level 7. HP: 50/59 MP: 10/10
  3037 | D:4      | Found Sitoacs's Book Shoppe.
  3163 | D:5      | Entered Level 5 of the Dungeon
  3206 | D:5      | Noticed Dowan
  3208 | D:5      | Noticed Duvessa
  3232 | D:5      | Killed Duvessa
  3233 | D:5      | Killed Dowan
  3408 | D:5      | Noticed Sigmund
  3416 | D:5      | Killed Sigmund
  3416 | D:5      | Reached XP level 8. HP: 61/67 MP: 12/12
  3473 | D:5      | Found a staircase to the Ecumenical Temple.
  3679 | Temple   | Entered the Ecumenical Temple
  3916 | D:5      | Identified the +6 flail "Wipuj" {crush, Str+2}
  3918 | D:5      | Found Tatt's Magic Scroll Shoppe.
  3928 | D:5      | Found a sparkling altar of Nemelex Xobeh.
  3942 | D:5      | Bought a scroll of remove curse for 33 gold pieces
  3942 | D:5      | Bought 2 scrolls of remove curse for 66 gold pieces
  4029 | D:5      | Noticed a four-headed hydra
  4037 | D:5      | Slain by a four-headed hydra

Skill      XL: |  1  2  3  4  5  6  7  8 |
---------------+-------------------------+-----
Short Blades   | 1 2 3 |  3.3
Long Blades    | 1 2 3 |  3.3
Axes           | 1 2 3 |  3.3
Polearms       | 1 2 3 |  3.3
Staves         | 1 2 3 |  3.3
Slings         | 1 2 3 |  3.3
Bows           | 1 2 3 |  3.3
Crossbows      | 1 2 3 |  3.3
Throwing       | 1 2 3 |  3.3
Dodging        | 1 2 3 |  3.3
Stealth        | 1 2 3 |  3.3
Unarmed Combat | 1 2 3 |  3.3
Spellcasting   | 1 2 3 |  3.3
Invocations    | 1 2 3 |  3.6
Evocations     | 1 2 3 |  3.3
Conjurations   | 1 2 |  2.7
Hexes          | 1 2 |  2.7
Charms         | 1 2 |  2.7
Summonings     | 1 2 |  2.7
Necromancy     | 1 2 |  2.7
Translocations | 1 2 |  2.7
Transmutations | 1 2 |  2.7
Fire Magic     | 1 2 |  2.7
Ice Magic      | 1 2 |  2.7
Air Magic      | 1 2 |  2.7
Earth Magic    | 1 2 |  2.7
Poison Magic   | 1 2 |  2.7
Maces & Flails | 5 |  5.7
Fighting       | 7 |  7.4
Armour         | 7 |  7.4
Shields        | 7 |  7.4

Action                   |  1- 3 |  4- 6 |  7- 9 || total
-------------------------+-------+-------+-------++-------
Melee: Flail             |    89 |    70 |       ||   159
       Bite              |    15 |     9 |    26 ||    50
       Morningstar       |       |    61 |   167 ||   228
Invok: Curse Item        |       |     7 |       ||     7
Evoke: Wand              |       |       |     1 ||     1
  Use: Scroll            |       |     9 |       ||     9
       Potion            |       |     1 |     2 ||     3
 Stab: Sleeping          |       |       |     1 ||     1
  Eat: Chunk             |       |     6 |     5 ||    11
Armor: Scale mail        |    28 |    40 |    88 ||   156
Dodge: Dodged            |    22 |    38 |    74 ||   134
Block: Shield            |    41 |    76 |   145 ||   262
